 Dungeon Sprint DCSS version 0.27-a0-385-g3208abaabc (webtiles) character file.

Game seed: 16570727103889096722

49058 mhtbhm the Hoplite (level 14, 0/152 HPs)
             Began as a Minotaur Fighter on Feb 18, 2021.
             Was the Champion of Okawaru.
             Killed by vampiric draining
             ... invoked by a vampire knight
              (18 damage)
             ... in the Dungeon (Sprint IX: "|||||||||||||||||||||||||||||").
             The game lasted 00:07:43 (4481 turns).

mhtbhm the Hoplite (Minotaur Fighter)               Turns: 4481, Time: 00:07:43

Health: 0/152      AC: 31    Str: 25    XL:     14   Next: 14%
Magic:  11/13      EV: 13    Int:  8    God:    Okawaru [******]
Gold:   4          SH: 20    Dex: 11    Spells: 13/13 levels left

rFire    . . .     SeeInvis +   a - +4 scimitar (flame)
rCold    . . .     Faith    .   y - +1 kite shield {rPois}
rNeg     . . .     Spirit   .   b - +2 plate armour
rPois    +         Reflect  .   p - +2 hat {Int+3}
rElec    .         Harm     .   n - +0 cloak
rCorr    .         Rampage  .   (no gloves)
Will     +....     NoTele   +   u - +0 pair of boots
Stlth    ..........             (no amulet)
HPRegen  0.35/turn              B - ring of see invisible
MPRegen  0.13/turn              o - +2 ring of protection

@: heroism
A: retaliatory headbutt, horns 2
a: Renounce Religion, Heroism, Finesse


You were in the Dungeon.
You worshipped Okawaru.
Okawaru was exalted by your worship.
You visited 1 branch You collected 1931 gold pieces.
You spent 1927 gold pieces at shops.

Inventory:

Hand Weapons
 a - a +4 scimitar of flaming (weapon)
Missiles
 w - 6 curare-tipped darts (quivered)
 x - a throwing net
Armour
 b - a +2 plate armour (worn)
 c - a +1 tower shield of protection
 n - a +0 cloak (worn)
 p - a +2 hat of intelligence (worn)
 u - a +0 pair of boots (worn)
 y - a +1 kite shield of poison resistance (worn)
Jewellery
 o - a +2 ring of protection (right hand)
 B - a ring of see invisible (left hand)
 C - a ring of willpower
 D - a ring of protection from cold
 E - a +6 ring of dexterity
Wands
 m - a wand of iceblast (8)
 v - a wand of acid (11)
Scrolls
 j - a scroll of blinking
 k - a scroll of magic mapping
 l - 2 scrolls of amnesia
 q - 6 scrolls of identify
 r - 3 scrolls of enchant armour
 s - a scroll of fear
 t - 5 scrolls of enchant weapon
 A - a scroll of fog
Potions
 d - 2 potions of might
 e - 6 potions of curing
 f - 3 potions of heal wounds
 g - 4 potions of haste
 h - 5 potions of magic
 z - 5 potions of mutation
 F - a potion of brilliance
Miscellaneous
 i - a lightning rod (4/4)


   Skills:
 + Level 21.6(26.6) Fighting
 + Level 22.4(27) Long Blades
 + Level 19.4(24.4) Armour
 + Level 6.1(11.1) Dodging
 + Level 3.0(8.0) Stealth
 + Level 23.8(27) Shields
 + Level 5.6 Evocations


You had 13 spell levels left.
You didn't know any spells.
Your spell library was empty.

Dungeon Overview and Level Annotations

Branches:
Dungeon (1/1)

Altars:
Cheibriados
Dithmenos
Elyvilon
Fedhas
Gozag
Hepliaklqana
Kikubaaqudgha
Makhleb
Nemelex Xobeh
Okawaru
Qazlal
Ru
Sif Muna
Trog
Uskayaw
Vehumet
Wu Jian
Xom
Yredelemnul
Zin
The Shining One
Beogh
Jiyva
Lugonu

Shops:
D ?:(*


Innate Abilities, Weirdness & Mutations

You reflexively headbutt those who attack you in melee.
You have a pair of horns on your head.


Message History

You kill the great orb of eyes!
Okawaru accepts your kill.
Unknown command.
You hit the vampire knight. You burn the vampire knight.
The vampire knight is lightly damaged.
The vampire knight hits you with a +0 battleaxe!
* * * LOW HITPOINT WARNING * * *
You block the vampire knight's attack.
Unknown command.
You feel better. The vampire knight closely misses you.
The vampire knight bites you but does no damage.
Unknown command.
You feel better.
You block the vampire knight's attack. x2
The vampire knight hits you but does no damage.
The vampire knight bites you but does no damage.
You gain the combat prowess of a mighty hero.
You block the vampire knight's attack. x2
You slash the vampire knight! You burn the vampire knight.
The vampire knight is moderately damaged.
The vampire knight barely misses you.
You riposte.
You closely miss the vampire knight. You headbutt the vampire knight.
The vampire knight is moderately damaged.
You block the vampire knight's attack.
You hit the vampire knight but do no damage.
The vampire knight is moderately damaged.
You slash the vampire knight! You burn the vampire knight.
The vampire knight is heavily damaged.
You block the vampire knight's attack.
The vampire knight bites you but does no damage.
You hit the vampire knight. You burn the vampire knight.
Your headbutt misses the vampire knight.
The vampire knight is severely damaged.
The vampire knight is infused with unholy energy.
* * * LOW HITPOINT WARNING * * *
The vampire knight draws life force from you and is healed!
You slash the vampire knight! You burn the vampire knight.
You headbutt the vampire knight, but do no damage.
The vampire knight is severely damaged.
The vampire knight is infused with unholy energy.
You die...

[[[[[.)))))))).....'.........▓
▓▓▓▓▓▓▓▓▓▓▓▓▓▓▓▓▓▓▓▓▓▓▓▓▓▓▓▓▓▓
.......))..).................▓
▓▓▓▓♣♣♣♣♣♣♣♣♣.▓▓▓▓▓▓▓▓▓▓▓▓▓▓.▓
...'††......)'[..............▓
▓▓▓▓♣♣♣♣♣♣♣♣♣.▓▓▓▓▓▓▓▓▓▓▓▓▓▓▓▓
......†..................▓
▓▓▓▓▓▓▓▓▓▓▓▓▓▓▓▓▓▓▓▓▓▓▓▓.▓
......)))).V@............▓
▓▓▓▓▓▓▓▓▓▓▓▓▓▓▓▓▓▓▓▓▓▓▓▓▓▓


You could see a vampire knight (fast).

Vanquished Creatures
  Agnes (D)
  A fire giant (D)
  A ghost moth (D)
  2 frost giants (D)
  A stone giant (D)
  Nessos (D)
  Azrael (D)
  A bunyip (D)
  2 eleionomae (D)
  An entropy weaver (D)
  Snorg (D)
  3 great orbs of eyes (D)
  2 fire dragons (D)
  A boulder beetle (D)
  Harold (D)
  An ice dragon (D)
  Erica (D)
  An ogre mage (D)
  A rakshasa (D)
  4 hydras (D)
  2 centaur warriors (D)
  A ghost crab (D)
  3 two-headed ogres (D)
  A vampire mage (D)
  6 death yaks (D)
  A deep troll shaman (D)
  A spriggan berserker (D)
  Sonja (D)
  5 orc high priests (D)
  A swamp dragon (D)
  10 orc knights (D)
  2 orb spiders (D)
  An ugly thing (D)
  A wolf spider (D)
  A will-o-the-wisp (D)
  An elephant (D)
  A black mamba (shapeshifter) (D)
  2 torpor snails (D)
  2 cane toads (D)
  A rime drake (shapeshifter) (D)
  A yaktaur (D)
  A jumping spider (D)
  A polar bear (D)
  2 slime creatures (D)
  A redback (D)
  3 yaks (D)
  2 fire elementals (D)
  Grum (D)
  2 vampire mosquitoes (D)
  A steam dragon (D)
  3 water moccasins (D)
  2 hell hounds (D)
  11 orc warriors (D)
  5 wolves (D)
  5 bullfrogs (D)
  A scorpion (D)
  2 orc priests (D)
  2 jellies (D)
  2 worker ants (D)
  An iguana (D)
  An orc wizard (D)
  A white imp (D)
  An ufetubus (D)
  2 adder skeletons (D)
  11 orcs (D)
  A bat (D)
  A bat skeleton (D)
  2 goblins (D)
  A hobgoblin (D)
  A jackal (D)
  A jackal simulacrum (D)
  A rat (D)
145 creatures vanquished.

Vanquished Creatures (others)
  A goliath frog (D)
  A hornet (D)
  A spriggan (D)
  2 foxfires (D)
5 creatures vanquished.

Grand Total: 150 creatures vanquished

Notes
Turn   | Place    | Note
-------+----------+-------------------------------------------
     0 | D        | mhtbhm the Minotaur Fighter began the quest for the Orb.
     0 | D        | Reached XP level 1. HP: 19/19 MP: 0/0
     8 | D        | Reached skill level 4 in Shields
    33 | D        | Noticed a worker ant
    33 | D        | Noticed a worker ant
    41 | D        | Killed a worker ant
    42 | D        | Reached skill level 5 in Fighting
    42 | D        | Reached skill level 5 in Armour
    42 | D        | Reached skill level 5 in Shields
    42 | D        | Reached XP level 2. HP: 14/29 MP: 1/1
    42 | D        | Reached XP level 3. HP: 18/36 MP: 2/2
    48 | D        | Reached skill level 6 in Shields
   195 | D        | Found a roughly hewn altar of Beogh.
   195 | D        | Found a snail-covered altar of Cheibriados.
   195 | D        | Found a shadowy altar of Dithmenos.
   195 | D        | Found a white marble altar of Elyvilon.
   195 | D        | Found a blossoming altar of Fedhas.
   195 | D        | Found an opulent altar of Gozag.
   196 | D        | Found a hazy altar of Hepliaklqana.
   197 | D        | Found a viscous altar of Jiyva.
   198 | D        | Found an ancient bone altar of Kikubaaqudgha.
   199 | D        | Found a corrupted altar of Lugonu.
   200 | D        | Found a burning altar of Makhleb.
   201 | D        | Found a sparkling altar of Nemelex Xobeh.
   202 | D        | Found an iron altar of Okawaru.
   203 | D        | Found a stormy altar of Qazlal.
   204 | D        | Found a sacrificial altar of Ru.
   205 | D        | Found a shimmering blue altar of Sif Muna.
   206 | D        | Found a bloodstained altar of Trog.
   207 | D        | Found a hide-covered altar of Uskayaw.
   208 | D        | Found a radiant altar of Vehumet.
   209 | D        | Found an ornate altar of the Wu Jian Council.
   210 | D        | Became a worshipper of Warmaster Okawaru
   211 | D        | Found a shimmering altar of Xom.
   212 | D        | Found a basalt altar of Yredelemnul.
   213 | D        | Found a glowing silver altar of Zin.
   214 | D        | Found a glowing golden altar of the Shining One.
   264 | D        | Noticed a scorpion
   264 | D        | Noticed a two-headed ogre
   272 | D        | Killed a two-headed ogre
   272 | D        | Reached * piety under Okawaru
   272 | D        | Reached ** piety under Okawaru
   273 | D        | Reached skill level 10 in Fighting
   273 | D        | Reached skill level 10 in Armour
   273 | D        | Reached skill level 1 in Dodging
   273 | D        | Reached skill level 11 in Shields
   273 | D        | Reached XP level 4. HP: 52/52 MP: 3/3
   273 | D        | Reached XP level 5. HP: 59/59 MP: 4/4
   273 | D        | Reached XP level 6. HP: 67/67 MP: 5/5
   273 | D        | Reached XP level 7. HP: 73/73 MP: 6/6
   282 | D        | Reached *** piety under Okawaru
   317 | D        | Noticed a slime creature
   317 | D        | Noticed a two-headed ogre
   317 | D        | Noticed a two-headed ogre
   317 | D        | Noticed a vampire mosquito
   317 | D        | Noticed an eight-headed hydra
   323 | D        | Killed a three-headed hydra
   324 | D        | Reached skill level 10 in Long Blades
   324 | D        | Reached skill level 12 in Shields
   324 | D        | Reached XP level 8. HP: 36/83 MP: 7/7
   339 | D        | Reached **** piety under Okawaru
   345 | D        | Killed a two-headed ogre
   346 | D        | Reached skill level 13 in Shields
   346 | D        | Reached XP level 9. HP: 23/92 MP: 8/8
   351 | D        | Killed a two-headed ogre
   726 | D        | Noticed a cane toad
   728 | D        | Noticed a cane toad
   729 | D        | Killed a cane toad
   730 | D        | Reached skill level 14 in Shields
   730 | D        | Reached XP level 10. HP: 101/101 MP: 9/9
   737 | D        | Killed a cane toad
   737 | D        | Reached ***** piety under Okawaru
   746 | D        | Reached skill level 1 in Evocations
   798 | D        | Noticed a boulder beetle
   798 | D        | Noticed a four-headed hydra
   798 | D        | Noticed a five-headed hydra
   800 | D        | Noticed an elephant
   804 | D        | Killed a one-headed hydra
   810 | D        | Killed a one-headed hydra
   810 | D        | Received a gift from Okawaru
   811 | D        | Reached skill level 15 in Long Blades
   818 | D        | Killed an elephant
   821 | D        | Reached skill level 15 in Shields
   833 | D        | Killed a boulder beetle
   834 | D        | Reached skill level 15 in Fighting
   834 | D        | Reached skill level 15 in Armour
  1038 | D        | Noticed a death yak
  1038 | D        | Noticed a death yak
  1038 | D        | Noticed a death yak
  1038 | D        | Noticed a death yak
  1041 | D        | Noticed a death yak
  1051 | D        | Killed a death yak
  1052 | D        | Reached XP level 11. HP: 88/112 MP: 10/10
  1057 | D        | Noticed a death yak
  1063 | D        | Killed a death yak
  1076 | D        | Killed a death yak
  1088 | D        | Killed a death yak
  1101 | D        | Killed a death yak
  1102 | D        | Reached skill level 16 in Shields
  1106 | D        | Killed a death yak
  1305 | D        | Noticed Erica
  1312 | D        | Killed Erica
  1440 | D        | Noticed Sonja
  1444 | D        | Killed Sonja
  1444 | D        | Reached ****** piety under Okawaru
  1446 | D        | Noticed Harold
  1459 | D        | Killed Harold
  1460 | D        | Reached skill level 1 in Stealth
  1523 | D        | Noticed Grum
  1530 | D        | Killed Grum
  1632 | D        | Noticed an orc knight
  1633 | D        | Noticed an orc knight
  1650 | D        | Killed an orc knight
  1650 | D        | Received a gift from Okawaru
  1654 | D        | Killed an orc knight
  1659 | D        | Reached skill level 17 in Shields
  1663 | D        | Reached XP level 12. HP: 43/125 MP: 11/11
  1941 | D        | Found Qewanloz's Assorted Antiques.
  1941 | D        | Noticed an orc high priest
  1941 | D        | Noticed an orc high priest
  1942 | D        | Noticed an orc high priest
  2547 | D        | Killed an orc high priest
  2619 | D        | Killed an orc high priest
  2627 | D        | Killed an orc high priest
  2820 | D        | Found Ihov's Weapon Shop.
  2824 | D        | Found Acyuwo Cajil's Book Boutique.
  2828 | D        | Found Ucrede's Magic Scroll Shop.
  2832 | D        | Noticed an orc high priest
  2833 | D        | Noticed an orc high priest
  2838 | D        | Reached skill level 18 in Shields
  2847 | D        | Killed an orc high priest
  2852 | D        | Killed an orc high priest
  2882 | D        | Bought a scroll of magic mapping for 35 gold pieces
  2882 | D        | Bought a scroll of enchant weapon for 75 gold pieces
  2890 | D        | Bought a manual of Shields for 1545 gold pieces
  2894 | D        | Bought 3 glowing brown potions for 40 gold pieces
  2894 | D        | Bought a scroll of identify for 30 gold pieces
  2894 | D        | Bought a scroll of enchant armour for 112 gold pieces
  2894 | D        | Bought a scroll labelled USAIDU QOBY for 15 gold pieces
  2894 | D        | Bought a scroll of identify for 30 gold pieces
  2894 | D        | Bought a potion of curing for 45 gold pieces
  3169 | D        | Noticed a centaur warrior
  3170 | D        | Noticed a stone giant
  3183 | D        | Noticed a great orb of eyes
  3190 | D        | Killed a stone giant
  3191 | D        | Reached skill level 5 in Evocations
  3194 | D        | Killed a centaur warrior
  3195 | D        | Reached skill level 19 in Shields
  3204 | D        | Killed a great orb of eyes
  3319 | D        | Noticed a fire dragon
  3328 | D        | Killed a fire dragon
  3328 | D        | Received a gift from Okawaru
  3334 | D        | Reached skill level 5 in Dodging
  3402 | D        | Noticed Agnes
  3403 | D        | Noticed Azrael
  3409 | D        | Killed Agnes
  3410 | D        | Reached skill level 20 in Shields
  3410 | D        | Reached XP level 13. HP: 74/137 MP: 12/12
  3422 | D        | Killed Azrael
  3422 | D        | Received a gift from Okawaru
  3723 | D        | Noticed Nessos
  3742 | D        | Killed Nessos
  3892 | D        | Noticed an eleionoma
  3903 | D        | Killed an eleionoma
  3907 | D        | Noticed a bunyip
  3909 | D        | Noticed an eleionoma
  3910 | D        | Reached skill level 21 in Shields
  3927 | D        | Killed a bunyip
  3934 | D        | Killed an eleionoma
  4124 | D        | Noticed a ghost moth
  4124 | D        | Noticed an entropy weaver
  4130 | D        | Killed an entropy weaver
  4161 | D        | Killed a ghost moth
  4162 | D        | Reached skill level 22 in Shields
  4261 | D        | Noticed Snorg
  4272 | D        | Killed Snorg
  4396 | D        | Noticed a fire dragon
  4403 | D        | Noticed a frost giant
  4406 | D        | Received a gift from Okawaru
  4415 | D        | Noticed a fire giant
  4431 | D        | Killed a fire dragon
  4434 | D        | Noticed a frost giant
  4438 | D        | Reached skill level 23 in Shields
  4441 | D        | Killed a frost giant
  4445 | D        | Killed a fire giant
  4446 | D        | Reached XP level 14. HP: 57/151 MP: 9/13
  4451 | D        | Killed a frost giant
  4452 | D        | Noticed a vampire knight
  4481 | D        | Killed from afar by a vampire knight

Illustrated notes

Levels and vault maps discovered:
D:        linesprint [early_d, line_temple, items_1, d_10, items_2, lair_1,
          lair_end, items_3, orc_1, orc_end, items_4, d_15, swamp_1, shoals_1,
          snake_1, spider_1, d_20, vaults_1, items_5, swamp_end, shoals_end,
          snake_end, spider_end, vaults_end, d_27, items_6, zot_1, zot_end,
          crypt_end, forest_end, elf_end, slime_end, tomb_end, abyss_end,
          pan_hell_end]

Skill      XL: |  1  2  3  4  5  6  7  8  9 10 11 12 13 |
---------------+----------------------------------------+-----
Fighting       | 5 10 11 12 13 15 17 19 21 | 21.6
Armour         | 5 10 12 13 15 16 18 19 | 19.4
Shields        | 5 11 12 13 14 15 17 20 23 | 23.8
Long Blades    | 3 8 10 11 13 16 18 20 22 | 22.4
Dodging        | 1 2 3 4 5 6 |  6.1
Evocations     | 2 4 5 |  5.6
Stealth        | 1 2 3 |  3.0

Action                   |  1- 3 |  4- 6 |  7- 9 | 10-12 | 13-15 || total
-------------------------+-------+-------+-------+-------+-------++-------
Melee: Long sword        |    21 |       |       |       |       ||    21
       Headbutt          |     5 |       |    10 |    85 |    56 ||   156
       Scimitar          |     6 |       |    48 |   328 |   175 ||   557
Invok: Heroism           |       |       |       |       |     1 ||     1
Evoke: Lightning rod     |       |       |     3 |     6 |     5 ||    14
       Wand              |       |       |       |     2 |       ||     2
  Use: Potion            |     1 |       |     3 |     3 |     4 ||    11
       Scroll            |       |       |       |     3 |     1 ||     4
Armor: Scale mail        |     7 |       |       |       |       ||     7
       Plate armour      |     4 |       |    23 |    53 |    68 ||   148
Dodge: Dodged            |     5 |       |    12 |    30 |    45 ||    92
Block: Kite shield       |    17 |       |    31 |   124 |   123 ||   295
       Rpst.: Long sword |     1 |       |       |       |       ||     1
       Scimitar          |       |       |     2 |    11 |     5 ||    18

Table legend: (Time is in decaauts)
 A = Elapsed time spent in this place.
 B = Non-inter-level travel time spent in this place.
 C = Inter-level travel time spent in this place.
 D = Time resting spent in this place.
 E = Time spent auto-exploring this place.
 F = Levels seen in this place.
 G = Mean time per level.
                   A        B        C        D        E       F      G
               +--------+--------+--------+--------+--------+-----+--------+
         Total |   4353 |   4353 |      0 |   1359 |   1634 |   1 | 4353.0 |
       Dungeon |   4353 |   4353 |      0 |   1359 |   1634 |   1 | 4353.0 |
               +--------+--------+--------+--------+--------+-----+--------+

Top non-repeatable levels by time:
       D: 4353 daAuts
